Map: Cyber Forest LE

Players

Smeeeger - Winner!

  • Race: Zerg Zerg
  • League: Platinum
  • Spawn Location: 5:00

LavaFlow

  • Race: Terran Terran
  • League: Diamond
  • Spawn Location: 11:00

VOD

Have the link to the VOD?

Description

Time

  • Played on: Aug. 4, 2019, 9:44 a.m.
  • Length: 10:12
Show
View Real Time Build Order
Export as new Build Order

Smeeeger Zerg - Winner!

Build Orders: Hatch First 

Get SALT Encoding   

  12  0:01  Drone  
  13  0:13  Overlord  
  13  0:17  Drone  
  14  0:32  Drone  
  14  0:33  Drone  
  16  0:38  Drone  
  17  0:53  Hatchery  
  17  0:54  Extractor  
  16  0:57  Drone  
  16  1:12  Spawning Pool  
  16  1:15  Drone  
  16  1:19  Drone  
  16  1:22  Drone  
  18  1:30  Drone  
  19  1:41  Overlord  
  19  1:59  Queen  
  19  2:00  Zergling x2  
  22  2:02  Zergling x2  
  22  2:05  Queen  
  22  2:06  Zergling x2  
  26  2:09  Metabolic Boost  
  26  2:27  Drone  
  26  2:28  Drone x2  
  28  2:40  Drone  
  28  2:42  Drone x2  
  31  2:44  Queen  
  33  2:56  Zergling x2  
  34  2:58  Drone x2  
  36  3:10  Overlord  
  36  3:11  Overlord  
  36  3:14  Hatchery  
  35  3:37  Drone x5  
  35  3:39  Drone x2  
  42  3:44  Lair  
  42  3:47  Drone  
  43  3:48  Roach Warren  
  39  4:04  Queen  
  39  4:06  Zergling x8  
  39  4:08  Drone x2  
  47  4:11  Extractor  
  47  4:12  Extractor  
  47  4:15  Evolution Chamber  
  44  4:19  Overlord  
  44  4:20  Drone x3  
  44  4:21  Drone  
  48  4:26  Drone x2  
  50  4:32  Roach  
  50  4:33  Queen  
  54  4:40  Queen  
  52  5:12  Queen  
  54  5:16  Roach  
  54  5:17  Roach x5  
  54  5:20  Glial Reconstitution  
  66  5:28  Overlord x2  
  66  5:29  Overlord  
  66  5:45  Zerg Missile Weapons Level 1  
  66  5:47  Drone x14  
  80  6:05  Ravager x2  
  80  6:09  Roach  
  73  6:33  Roach x6  
  73  6:35  Drone x2  
  73  6:39  Drone  
  84  6:40  Drone  
  84  6:43  Extractor  
  84  6:45  Spine Crawler, Extractor  
  84  6:47  Spore Crawler  
  80  6:48  Spore Crawler  
  80  6:50  Drone  
  80  6:51  Spore Crawler, Drone  
  80  6:52  Roach x3  
  80  6:53  Roach  
  88  7:07  Overlord x2  
  88  7:08  Overlord  
  88  7:09  Roach  
  88  7:10  Overlord  
  89  7:20  Drone  
  89  7:21  Overlord  
  89  7:22  Overlord  
  90  7:29  Drone x3  
  93  7:33  Extractor  
  93  7:36  Roach x8  
  108  7:49  Drone x3  
  108  7:50  Drone x2  
  113  7:52  Roach x2  
  113  7:53  Roach  
  119  7:59  Ravager  
  119  8:01  Overlord  
  119  8:02  Overlord  
  116  8:30  Roach  
  116  8:31  Roach x10  
  138  8:42  Drone  
  138  8:48  Hydralisk Den  
  138  8:52  Evolution Chamber  
  138  8:54  Ravager  
  138  8:56  Overlord x4  
  138  8:57  Zergling x8  
  138  8:58  Zergling x6  
  145  9:03  Overlord x3  
  123  9:38  Zergling x10  
  123  9:39  Zergling x12  
  123  9:44  Hydralisk x3  
  139  10:03  Hatchery  
Show
View Real Time Build Order
Export as new Build Order

LavaFlow Terran 

Build Orders: Gas First Reaper Expand, Mech 

Get SALT Encoding   

  12  0:00  SCV  
  13  0:14  Supply Depot  
  13  0:16  SCV  
  14  0:29  Refinery, SCV  
  15  0:41  Barracks  
  15  0:45  SCV  
  16  0:58  SCV  
  17  1:10  SCV  
  18  1:32  Command Center  
  18  1:35  Reaper  
  18  1:39  SCV  
  20  1:49  Supply Depot  
  20  1:59  Orbital Command  
  20  2:12  Barracks Reactor  
  20  2:19  Factory  
  20  2:22  Refinery  
  20  2:25  SCV  
  21  2:41  SCV  
  22  2:45  Orbital Command  
  22  3:01  SCV  
  23  3:06  Barracks Tech Lab  
  23  3:10  Starport  
  23  3:11  SCV  
  24  3:13  SCV  
  24  3:16  Hellion x2  
  29  3:24  SCV  
  29  3:25  SCV  
  31  3:27  Marine  
  31  3:28  Supply Depot  
  31  3:31  Stimpack  
  31  3:37  Hellion  
  33  3:45  SCV  
  33  3:47  SCV  
  35  3:57  SCV  
  35  4:06  Hellion x2, SCV  
  35  4:07  Marine  
  35  4:08  Starport Reactor  
  35  4:09  SCV  
  42  4:18  SCV  
  42  4:20  Bunker  
  42  4:21  SCV  
  44  4:25  Marine  
  44  4:29  Hellion  
  44  4:30  SCV  
  48  4:33  SCV  
  49  4:42  SCV  
  49  4:44  Hellion  
  49  4:45  Marine, SCV  
  54  5:04  Liberator  
  54  5:10  SCV  
  54  5:20  Supply Depot  
  54  5:22  Supply Depot, Marauder  
  54  5:24  Liberator  
  59  5:32  Supply Depot  
  59  5:33  SCV  
  59  5:34  SCV  
  61  5:41  Factory, Command Center  
  64  5:44  Factory  
  64  5:46  Refinery, SCV  
  64  5:48  Refinery  
  64  5:49  Supply Depot  
  65  5:50  Marine  
  65  5:51  Widow Mine  
  65  5:53  Liberator  
  68  5:58  SCV x2  
  66  6:10  SCV  
  65  6:39  Viking  
  67  6:40  Factory Tech Lab x2  
  67  6:41  SCV x2  
  67  6:43  Armory  
  69  6:53  Viking, SCV x2  
  73  7:03  Marine  
  73  7:05  Widow Mine x2, SCV  
  73  7:06  SCV  
  77  7:17  SCV  
  77  7:18  SCV  
  79  7:28  Orbital Command  
  79  7:29  SCV  
  80  7:30  SCV  
  80  7:33  Siege Tank x2, Marauder  
  80  7:37  Terran Vehicle Weapons Level 1, Command Center  
  89  7:38  Supply Depot, Command Center  
  89  7:41  SCV  
  90  7:46  Supply Depot  
  90  7:53  Engineering Bay, Orbital Command  
  90  7:57  Refinery  
  90  8:11  Widow Mine x2  
  94  8:19  Medivac x2  
  98  8:26  Concussive Shells  
  98  8:27  Marauder  
  98  8:30  SCV x2  
  98  8:31  Liberator  
  98  8:32  Liberator  
  98  8:33  Supply Depot  
  99  8:36  Supply Depot  
  99  8:38  Missile Turret  
  99  8:47  SCV x2  
  99  8:48  SCV  
  108  8:57  Marauder  
  108  8:58  Siege Tank x2  
  108  8:59  Hellion x2, SCV x2  
  122  9:04  Supply Depot, SCV  
  119  9:11  SCV  
  119  9:12  SCV  
  83  9:42  Marauder  
  83  9:44  Hellion x2  
Tags
 
Add a new tag
Caveats
  • Supply blocks, unpowered buildings, or Contaminate may cause inaccurate times.
  • Supply counts are checked every 10 seconds.